 Dungeon Crawl Stone Soup version 0.29.1-15-g9cfb28693d (webtiles) character file.

Game seed: 3948043104432884023

102 fld782 the Trooper (level 4, 0/35 HPs)
             Began as a Mummy Fighter on Apr 17, 2023.
             Killed from afar by an orc (12 damage)
             ... with a puff of flame
             ... on level 3 of the Dungeon.
             The game lasted 00:02:10 (1679 turns).

fld782 the Trooper (Mummy Fighter)                  Turns: 1679, Time: 00:02:10

Health: 0/35       AC:  7    Str: 19    XL:     4   Next: 50%
Magic:  4/4        EV:  9    Int:  9    God:
Gold:   93         SH:  4    Dex: 11    Spells: 3/3 levels left

rFire   x . .      SeeInvis .   a - +0 war axe
rCold   + . .      Faith    .   c - +0 buckler
rNeg    + + +      Spirit   .   b - +0 scale mail
rPois   ∞          Reflect  .   (no helmet)
rElec   .          Harm     .   i - +0 cloak
rCorr   .          Rampage  .   (no gloves)
Will    .....                   (no boots)
Stlth   ..........              (no amulet)
HPRegen 0.11/turn               (no ring)
MPRegen 0.09/turn               (no ring)

@: no status effects
A: cold resistance 1, negative energy resistance 3, torment resistance 2, heat
vulnerability 1, in touch with death 1, no potions
a: no special abilities


You were on level 3 of the Dungeon.
You visited 1 branch of the dungeon, and saw 3 of its levels.

You collected 93 gold pieces.

Inventory:

Hand Weapons
 a - a +0 war axe (weapon)
Missiles
 d - 5 boomerangs (quivered)
 g - a throwing net
Armour
 b - a +0 scale mail (worn)
 c - a +0 buckler (worn)
 i - a +0 cloak (worn)
Wands
 k - a wand of iceblast (5)
Scrolls
 e - 3 scrolls of identify {unknown}
 f - 2 scrolls of noise {unknown}
 h - 2 scrolls of teleportation {unknown}
 j - a scroll of torment {unknown}


   Skills:
 + Level 3.3 Fighting
 + Level 2.7 Axes
 + Level 2.9 Armour
 + Level 0.3 Dodging
 + Level 0.4 Stealth
 + Level 2.9 Shields


You had 3 spell levels left.
You didn't know any spells.
Your spell library contained the following spells:

 Spells                   Type           Power      Damage    Failure   Level
 Magic Dart               Conj           0%         1d3       85%         1
 Searing Ray              Conj           0%         2d4       94%         2
 Fulminant Prism          Conj/Hex       0%         3d6       100%        4


Dungeon Overview and Level Annotations

Branches:
Dungeon (3/15)

Altars:


Innate Abilities, Weirdness & Mutations

You are immune to poison.
Your flesh is cold resistant. (rC+)
You are immune to negative energy. (rN+++)
You are immune to unholy pain and torment.
You are vulnerable to heat. (rF-)
You are in touch with the powers of death.
You do not drink.


Message History

Items here: $ ) / †.
k - a wand of iceblast (5)
The orc throws a stone.
The stone barely misses you. The endoplasm freezes you.
You are frozen.
You resist.
You hit the endoplasm.
The endoplasm is lightly wounded.
The orc throws a stone.
You block the stone.
The endoplasm hits you but does no damage.
You hit the endoplasm.
The endoplasm is heavily wounded.
You hit the rat.
You kill the rat!
The endoplasm freezes you.
You are frozen.
You resist.
The orc zaps a wand.
The puff of flame hits you! The fire burns you terribly!
The endoplasm freezes you.
You are frozen.
You resist.
You completely miss the endoplasm.
The endoplasm is moderately wounded.
The endoplasm freezes you.
You are frozen.
You resist.
Unknown command.
You hit the orc.
The orc is moderately wounded.
You hit the endoplasm but do no damage. You block the orc's attack.
The endoplasm freezes you.
You are frozen.
You resist.
The orc zaps a wand.
The puff of flame hits you. The fire burns you terribly!
The endoplasm barely misses you.
You barely miss the orc.
The orc is moderately wounded.
You hit the endoplasm but do no damage. The orc hits you but does no damage.
The endoplasm barely misses you.
Unknown command.
You barely miss the orc.
The orc is moderately wounded.
The orc shouts!
You hit the endoplasm but do no damage.
The orc zaps a wand.
The puff of flame hits you! The fire burns you terribly!
You die...

#........ #........ #
#........ .!.. #........
.#.... #...... #
..).#..####.... .
##.........#..#
.##...$...##..J##
....#.##..##@†.##
###.>.........o...#
#....?............#
#.##...o.............
###.##..##...<..........
........##.....###......
....o##....##..###......
....######.##...........
....# #....##.#.....


You could see 2 orcs and an endoplasm.

Vanquished Creatures
  5 adders
  A dart slug (D:1)
  4 orcs
  9 bats
  9 endoplasms
  3 giant cockroaches (D:1)
  3 goblins
  5 hobgoblins
  2 quokkas
  A ball python (D:1)
  2 frilled lizards
  2 kobolds (D:2)
  2 rats
48 creatures vanquished.

Vanquished Creatures (others)
  A kobold (D:3)
1 creature vanquished.

Grand Total: 49 creatures vanquished

Notes
Turn   | Place    | Note
-------+----------+-------------------------------------------
     0 | D:1      | fld782 the Mummy Fighter began the quest for the Orb.
     0 | D:1      | Reached XP level 1. HP: 18/18 MP: 1/1
    89 | D:1      | Found a faded altar of an unknown god.
   171 | D:1      | Reached XP level 2. HP: 24/24 MP: 2/2
   958 | D:2      | Gained mutation: You are in touch with the powers of death.
                  | [Mummy growth]
   958 | D:2      | Reached XP level 3. HP: 29/29 MP: 3/3
  1156 | D:2      | Reached XP level 4. HP: 30/35 MP: 4/4
  1679 | D:3      | Killed from afar by an orc

Illustrated notes

Levels and vault maps discovered:
D:1:      dpeg_arrival_houses_and_road, layout_basic, serial_aquarium,
          aquarium_bridge_long_separate [aquarium_subvault_bridge,
          aquarium_subvault_wall, aquarium_subvault_bridge,
          aquarium_subvault_bridge, aquarium_subvault_bridge,
          aquarium_subvault_wall], aquarium_window_fake,
          aquarium_window_corridor_1, aquarium_window_1, aquarium_window_corner,
          aquarium_view_2e, aquarium_view_2f, aquarium_balcony_1b,
          ebering_ecumenical_altar_webs
D:2:      layout_basic
D:3:      layout_rooms

Skill      XL: |  1  2 |
---------------+-------+-----
Axes           | 2 |  2.7
Fighting       | |  3.3
Armour         | |  2.9
Dodging        | |  0.3
Stealth        | |  0.4
Shields        | |  2.9

Action                   |  1- 3 |  4- 6 || total
-------------------------+-------+-------++-------
Melee: War axe           |    92 |    49 ||   141
Armor: Scale mail        |    66 |    29 ||    95
Dodge: Dodged            |    47 |    30 ||    77
Block: Buckler           |    21 |    17 ||    38
